 Dungeon Crawl Stone Soup version 0.30-b1-2-g02819fbbbe (webtiles) character file.

Game seed: 11767587746279488133

206 MisterFreud the Changer (level 5, -5/42 HPs)
             Began as a Draconian Transmuter on July 10, 2023.
             Slain by an ogre
             ... wielding a +0 giant club
              (16 damage)
             ... on level 3 of the Dungeon.
             The game lasted 00:03:03 (2145 turns).

MisterFreud the Changer (Draconian Transmuter)      Turns: 2145, Time: 00:03:04

Health: -5/42      AC:  5    Str: 13    XL:     5   Next: 53%
Magic:  2/8        EV: 12    Int: 15    God:
Gold:   135        SH:  5    Dex: 11    Spells: 4/8 levels left

rFire   . .          .
                       - Unarmed
rCold   . . .        (no shield)
rNeg    . . .        (body armour unavailable)
rPois   .            (helmet currently unavailable)
rElec   .            (no cloak)
rCorr   .            (no gloves)
SInv    .            (boots currently unavailable)
Will    .....        b - amulet of reflection
Stlth   +            (no ring)
HPRegen 0.27/turn    (no ring)
MPRegen 0.11/turn

%: reflection
@: appendages, very slightly contaminated
A: horns 2, talons 2, AC +5, unfitting armour, cold-blooded
a: End Transformation


You were on level 3 of the Dungeon.
You had temporarily grown beastly horns and talons.
You visited 1 branch of the dungeon, and saw 3 of its levels.

You collected 135 gold pieces.

Inventory:

Jewellery
 b - an amulet of reflection (around neck)
Scrolls
 h - a scroll of teleportation
 k - a scroll of vulnerability {unknown}
Potions
 a - 3 potions of lignification
 c - a potion of cancellation
 d - a potion of haste {unknown}
 e - 2 potions of heal wounds
 f - 2 potions of magic
 g - 2 potions of invisibility {unknown}
 i - a potion of resistance {unknown}
 j - a potion of attraction {unknown}
 l - a potion of curing {unknown}
 m - a potion of mutation {unknown}
 n - a potion of berserk rage {unknown}
 o - 2 potions of might {unknown}


   Skills:
 + Level 2.5 Fighting
 - Level 1.7 Dodging
 + Level 3.6 Unarmed Combat
 - Level 2.0 Spellcasting
 - Level 5.0 Transmutations


You had 4 spell levels left.
You knew the following spells:

 Your Spells              Type           Power      Damage    Failure   Level
a - Beastly Appendage     Tmut           32%        N/A       2%          1
b - Spider Form           Tmut/Pois      9%         N/A       24%         3

Your spell library contained the following spells:

 Spells                   Type           Power      Damage    Failure   Level
 Wereblood                Tmut           16%        N/A       4%          2
 Ice Form                 Ice/Tmut       9%         N/A       61%         4


Dungeon Overview and Level Annotations

Branches:
Dungeon (3/15)

Altars:
Ashenzari
Cheibriados
Hepliaklqana
Kikubaaqudgha
Okawaru
Trog
Xom

Shops:
D:3 [


Innate Abilities, Weirdness & Mutations

You have temporarily grown beastly horns and talons.
Your plain brown scales are hard. (AC +5)
You cannot fit into any form of body armour.
You are cold-blooded and may be slowed by cold attacks.


Message History

The spell is quite dangerous to miscast (24% risk of failure)!
Continue anyway?
You miscast Spider Form.
You are very lightly contaminated with residual magic.
You feel incredibly sick.
You are poisoned.
You feel sick. You block the ogre's attack.
Casting: Spider Form (quite dangerous; 24% risk of failure)
Confirm with . or Enter, or press ? or * to list all spells.
The spell is quite dangerous to miscast (24% risk of failure)!
Continue anyway?
You miscast Spider Form.
Nothing appears to happen.
You feel sick. The ogre attacks as you move away!
The ogre hits you with a +0 giant club!!
You feel sick.
You feel much better.
You feel sick.
You are no longer poisoned.
You block the ogre's attack.
Casting: Spider Form (quite dangerous; 24% risk of failure)
Confirm with . or Enter, or press ? or * to list all spells.
You grow a pair of large bovine horns.
Your feet morph into talons.
You barely miss the ogre. You claw the ogre.
The ogre is lightly wounded.
The ogre hits you with a +0 giant club!
You hit the ogre but do no damage.
The ogre is lightly wounded.
You hit the ogre.
Your tail-slap misses the ogre.
The ogre is moderately wounded.
The ogre hits you with a +0 giant club!
* * * LOW HITPOINT WARNING * * *
You hit the ogre. You claw the ogre, but do no damage.
The ogre is heavily wounded.
You block the ogre's attack.
You barely miss the ogre.
The ogre is heavily wounded.
You hit the ogre.
The ogre is severely wounded.
The ogre closely misses you.
You barely miss the ogre. You claw the ogre. You headbutt the ogre.
The ogre is severely wounded.
The ogre hits you with a +0 giant club!
You die...

#. #....#.#######...)
.#.# #.........# #....
..... ##........# #....
#...## #....#...# #....
..... ##^..##### #....
... #...## ####....
#.###.####...# #.....##
#.....O..#...## #.....#
#.#####@.#....# #.....#
..............##+.....#
...............##.....#
##########.....#..#.#.#
#...._#....#.##
#.....##o######
##....##o#_..##
#...###.#..##. #...#
#.#.#'..


You could see an ogre.

Vanquished Creatures
  A water moccasin (D:3)
  An orc priest (D:3)
  2 adders
  2 dart slugs
  3 orcs
  6 endoplasms
  A giant cockroach (D:1)
  A hobgoblin (D:2)
  3 jackals (D:1)
  5 quokkas
  3 ball pythons
  2 bats
  2 frilled lizards
  5 goblins
  5 kobolds (D:1)
  3 rats
45 creatures vanquished.

Notes
Turn   | Place    | Note
-------+----------+-------------------------------------------
     0 | D:1      | MisterFreud the Draconian Transmuter began the quest for
                  | the Orb.
     0 | D:1      | Reached XP level 1. HP: 16/16 MP: 3/3
   161 | D:1      | Reached XP level 2. HP: 21/23 MP: 5/5
   392 | D:1      | Reached skill level 3 in Transmutations
   836 | D:2      | Reached XP level 3. HP: 22/28 MP: 4/6
  1315 | D:2      | Reached skill level 4 in Transmutations
  1471 | D:2      | Learned a level 3 spell: Spider Form
  1530 | D:3      | Found Dueleg's Antique Armour Boutique.
  1569 | D:3      | Noticed a water moccasin
  1590 | D:3      | Killed a water moccasin
  1591 | D:3      | Reached skill level 5 in Transmutations
  1591 | D:3      | Reached XP level 4. HP: 24/36 MP: 2/7
  1591 | D:3      | Reached XP level 5. HP: 27/41 MP: 2/8
  1691 | D:3      | Found a hazy altar of Hepliaklqana.
  1699 | D:3      | Found a bloodstained altar of Trog.
  1704 | D:3      | Found an iron altar of Okawaru.
  1711 | D:3      | Found a broken altar of Ashenzari.
  1717 | D:3      | Found a shimmering altar of Xom.
  1725 | D:3      | Found an ancient bone altar of Kikubaaqudgha.
  1730 | D:3      | Found a snail-covered altar of Cheibriados.
  2120 | D:3      | Found a faded altar of an unknown god.
  2133 | D:3      | Noticed an ogre
  2145 | D:3      | Slain by an ogre

Illustrated notes

Levels and vault maps discovered:
D:1:      co_arrival_square_in_a_square_in_a_square, layout_loops_ring,
          chequers_serial_rivers_small_b
D:2:      layout_basic
D:3:      layout_basic, grunt_temple_overflow_octagram, serial_shops,
          nicolae_shop_overgrown_old_shop, hellmonk_ecumenical_altar_zigzags

Skill      XL: |  1  2  3  4  5 |
---------------+----------------+-----
Transmutations | 3 5 |  5.0
Fighting       | 2 |  2.5
Dodging        | |  1.7
Unarmed Combat | |  3.6
Spellcasting   | |  2.0

Action                     |  1- 3 |  4- 6 || total
---------------------------+-------+-------++-------
  Melee: Unarmed           |   134 |    37 ||   171
         Tailslap          |    15 |     2 ||    17
         Kick              |     8 |     6 ||    14
         Headbutt          |     8 |     3 ||    11
         Punch             |     1 |       ||     1
   Cast: Beastly Appendage |    15 |     5 ||    20
         Spider Form       |     2 |     1 ||     3
    Use: Scroll            |     7 |       ||     7
         Potion            |       |     1 ||     1
 Armour: Skin              |    29 |     3 ||    32
  Dodge: Dodged            |    70 |    13 ||    83
  Block: Other             |    26 |    11 ||    37
